 Dungeon Crawl Stone Soup version 0.21.3-3-g218456f21e (webtiles) character file.

1640 BrokenGlass the Covert (level 8, -3/55 HPs)
             Began as an Octopode Wanderer on Apr 19, 2023.
             Was a Believer of Makhleb.
             Splashed by a jelly's acid (8 damage)
             ... on level 6 of the Dungeon.
             The game lasted 00:12:38 (6064 turns).

BrokenGlass the Covert (Octopode Wanderer)          Turns: 6064, Time: 00:12:38

Health: -3/55      AC:  1    Str: 10    XL:     8   Next: 99%
Magic:  10/10      EV: 14    Int: 14    God:    Makhleb [**....]
Gold:   181        SH:  0    Dex: 15    Spells: 5/9 levels left

rFire    . . .     SeeInvis .   a - +2 spear
rCold    . . .     Gourm    .   (no shield)
rNeg     . . .     Faith    .   (helmet restricted)
rPois    +         Spirit   .   t - amulet of rage
rElec    .         Reflect  .   o - ring of poison resistance
rCorr    .         Harm     .   (no ring)
MR       .....                  (no ring)
Stlth    +++++.....             (no ring)
HPRegen  0.18/turn              (no ring)
MPRegen  0.12/turn              (no ring)
                                (no ring)
                                (no ring)

@: no status effects
A: almost no armour, stealthy swim, amphibious, 8 rings, constrict 8, camouflage
1, gelatinous body 1
a: Minor Destruction, Renounce Religion, Evoke Berserk Rage


You were on level 6 of the Dungeon.
You worshipped Makhleb.
Makhleb was pleased with you.
You were near starving.

You visited 1 branch of the dungeon, and saw 6 of its levels.
You also visited: Sewer.

You collected 181 gold pieces.

Inventory:

Hand Weapons
 a - a +2 spear (weapon)
 d - a +0 blowgun
 v - a +0 giant club
Missiles
 c - 12 poisoned needles
 r - 93 stones (quivered)
 u - 5 steel javelins
Jewellery
 o - a ring of poison resistance (left tentacle)
 t - an amulet of rage (around mantle)
 A - an uncursed ring of flight {unknown}
Wands
 s - a wand of random effects (11)
 y - a wand of iceblast (12)
 C - a wand of disintegration (12)
Scrolls
 g - 2 scrolls of blinking {unknown}
 j - 2 scrolls of teleportation {unknown}
 k - 3 scrolls of remove curse
 l - 8 scrolls of identify
 m - a scroll of fog
 p - a scroll of enchant armour {unknown}
 q - 3 scrolls of magic mapping {unknown}
 w - a scroll of fear {unknown}
 B - a scroll of enchant weapon {unknown}
Potions
 e - a potion of might {unknown}
 h - a potion of heal wounds {unknown}
 i - 2 potions of brilliance {unknown}
 n - 2 potions of magic
 x - a potion of haste {unknown}
 z - a potion of curing {unknown}
Books
 b - Marghuit's Almanac of the Entourage

   Spells                             Type                      Level
   a - Summon Butterflies             Summoning                    1
   b - Summon Guardian Golem          Hexes/Summoning              3
Comestibles
 f - 6 rations


   Skills:
 - Level 5.0 Fighting
 - Level 7.0 Polearms
 - Level 1.0 Throwing
 - Level 3.1 Dodging
 - Level 9.0 Stealth
 - Level 1.0 Spellcasting
   Level 1.0 Conjurations
   Level 1.0 Charms
 + Level 2.8 Invocations


You had 5 spell levels left.
You knew the following spells:

 Your Spells              Type           Power        Failure   Level  Hunger
a - Summon Butterflies    Summ           #.......     26%         1    ##.....
b - Summon Guardian Gole  Hex/Summ       #.......     61%         3    ####...


Dungeon Overview and Level Annotations

Branches:
Dungeon (6/15)
 Temple: D:4-7

Altars:
Elyvilon
Makhleb
The Shining One


Innate Abilities, Weirdness & Mutations

You cannot wear most types of armour.
You are very stealthy in the water. (Stealth+)
You are amphibious.
You can wear up to eight rings at the same time.
You can use your tentacles to constrict eight enemies at once.
Your skin changes colour to match your surroundings (Stealth+).
Your rubbery body absorbs attacks. (AC +1, EV +1)


Message History

* * * LOW HITPOINT WARNING * * *
You hit the orc wizard.
The orc wizard is severely wounded.
You constrict the orc wizard.
The orc wizard points at you and mumbles some strange words.
The magic dart hits you!
* * * LOW HITPOINT WARNING * * *
Unknown command.
You hit the orc wizard. You squeeze the orc wizard.
You kill the orc wizard!
Makhleb accepts your kill.
Unknown command.
Unknown command.
You start resting.
Unknown command.
There is a stone staircase leading down, spattered with blood here.
You climb downwards.
The jelly hits you.
* * * LOW HITPOINT WARNING * * *
You are splashed with acid!
The acid burns!
You die...

#........# .....#
#$!.....## ..#...
#........# ......
#.<#.....#
..#...###..#.....#
...........#.#####
#........#.#
#....†J..#.#
#..[@...#..
......)....###
####.$....##
##.##### ##


You could see a jelly.

Vanquished Creatures
  The ghost of BrokenGlass the Covert, a novice OpMo of Uskayaw (D:5)
  2 phantoms
  A sky beast (D:3)
  An ogre (D:4)
  5 big kobolds (Sewer)
  A scorpion (D:5)
  A crimson imp (D:5)
  A hound (D:3)
  A bullfrog skeleton (D:4)
  Terence (D:2)
  4 worker ants
  2 orc wizards
  9 adders
  A river rat (Sewer)
  7 oozes
  5 worms
  3 dart slugs
  7 leopard geckos
  7 orcs
  5 ball pythons
  9 bats
  7 giant cockroaches
  4 goblins
  4 hobgoblins
  13 kobolds
  A quokka (D:2)
  7 frilled lizards
  A quokka zombie (D:5)
  12 rats
123 creatures vanquished.

Notes
Turn   | Place    | Note
-------+----------+-------------------------------------------
     0 | D:1      | BrokenGlass the Octopode Wanderer began the quest for the Orb.
     0 | D:1      | BrokenGlass set off with: a +2 spear, Marghuit's Almanac of the Entourage, 12 poisoned needles, a +0 blowgun, a ration
     0 | D:1      | Reached XP level 1. HP: 16/16 MP: 2/2
   228 | D:1      | Reached XP level 2. HP: 11/21 MP: 0/3
   666 | D:1      | Reached XP level 3. HP: 27/27 MP: 4/4
   839 | D:1      | Identified Marghuit's Almanac of the Entourage
   841 | D:1      | Learned a level 1 spell: Summon Butterflies
   845 | D:1      | Learned a level 3 spell: Summon Guardian Golem
  1384 | D:2      | Reached XP level 4. HP: 28/33 MP: 5/5
  1534 | D:2      | Noticed Terence
  1539 | D:2      | Killed Terence
  1729 | D:3      | Found a glowing golden altar of the Shining One.
  1806 | D:3      | Found a burning altar of Makhleb.
  1809 | D:3      | Reached XP level 5. HP: 38/38 MP: 6/6
  1816 | D:3      | Became a worshipper of Makhleb the Destroyer
  1865 | D:3      | Reached skill level 5 in Fighting
  2078 | D:3      | Reached skill level 2 in Stealth
  2746 | D:4      | Noticed an ogre
  2849 | D:4      | Killed an ogre
  2849 | D:4      | Reached skill level 4 in Stealth
  2849 | D:4      | Reached XP level 6. HP: 5/45 MP: 7/7
  2925 | D:4      | Reached * piety under Makhleb
  3201 | D:4      | Found a glowing drain.
  3206 | Sewer    | Entered a sewer
  3449 | Sewer    | Reached skill level 5 in Polearms
  3563 | Sewer    | Reached XP level 7. HP: 45/50 MP: 8/8
  3814 | D:4      | Reached ** piety under Makhleb
  4161 | D:4      | Reached skill level 5 in Stealth
  4161 | D:4      | Reached XP level 8. HP: 28/55 MP: 9/9
  4363 | D:5      | Entered Level 5 of the Dungeon
  4470 | D:5      | Reached skill level 6 in Stealth
  4817 | D:5      | Found a white marble altar of Elyvilon.
  4869 | D:5      | Reached skill level 7 in Stealth
  4920 | D:5      | Noticed BrokenGlass's ghost (novice OpMo)
  5321 | D:5      | Killed BrokenGlass's ghost
  5321 | D:5      | Reached skill level 9 in Stealth
  5712 | D:6      | Found a burning altar of Makhleb.
  6064 | D:6      | Splashed by a jelly's acid

Skill      XL: |  1  2  3  4  5  6  7  8 |
---------------+-------------------------+-----
Fighting       | 4 5 |  5.0
Polearms       | 3 5 7 |  7.0
Stealth        | 4 5 9 |  9.0
Dodging        | 3 |  3.1
Invocations    | 2 |  2.8
Throwing       | |  1.0
Spellcasting   | |  1.0
Conjurations   | |  1.0
Charms         | |  1.0

Action                   |  1- 3 |  4- 6 |  7- 9 || total
-------------------------+-------+-------+-------++-------
Melee: Spear             |    73 |   149 |   166 ||   388
       Constrict         |    12 |    22 |    21 ||    55
       Tentacles         |     6 |    23 |    39 ||    68
Invok: Minor Destruction |       |       |     1 ||     1
 Abil: Evoke Berserk Rag |       |     2 |     1 ||     3
  Use: Scroll            |     1 |     2 |       ||     3
       Potion            |       |     2 |       ||     2
 Stab: Sleeping          |    12 |    16 |    10 ||    38
       Distracted        |       |     1 |       ||     1
  Eat: Chunk             |     1 |     9 |     1 ||    11
       Ration            |       |       |     2 ||     2
Armor: Skin              |     5 |    12 |     3 ||    20
Dodge: Dodged            |    14 |    45 |    57 ||   116
